AoeStats
← lav3rn3

Nomad

504975961Analyzed
4v4 RM · 24d ago on Sep 7, 2026· 15m 31s· 8 players
Game mode
Random Map
Map size
231×231
Population
200
Speed
Normal
Resources
Standard
Victory
Conquest
Starting age
Dark Age
Ending age
Imperial Age
RankedLock teamsTeams togetherTeam positionsShared explorationLock speedFull tech treeHidden civsTurbo modeCheats
Victory
Defeat
🇩🇪 Persians · Germany
1056
+2
🇦🇺 Japanese · Australia
864
+6
🇳🇿 Koreans · New Zealand
837
+7
🇫🇷 Georgians · France
805
+7
🇦🇷 Franks · Argentina
715
-7
🇨🇳 Turks · China
698
-8
🇧🇷 Inca · Brazil
532
-4
🇭🇰 Turks · Hong Kong SAR China
483
-3
Jef.E
MATHZERA 4M
4:19 Loom
17:39 Feudal Age
jackattak
7:12 Loom
YellowyGnu8986
5:22 Loom
16:22 Feudal Age
maxoog93
5:12 Loom
17:24 Feudal Age
anonymer Alfred
4:14 Loom
15:46 Feudal Age
lav3rn3
4:08 Loom
UlteriorParsley
12:38 Loom
17:03 Feudal Age
Connection lost

Rejoining the realm…

Still unreachable

The connection could not be restored.

Session expired

The server has moved on; the page needs a fresh start.